 Dungeon Crawl Stone Soup version 0.29.1-13-g9f3cf754e1 (webtiles) character file.

Game seed: 122536024427840235

490 H0rd4k the Insei (level 7, -9/46 HPs)
             Began as an Octopode Artificer on Jan 27, 2023.
             Mangled by an ice beast (11 damage)
             ... on level 5 of the Dungeon.
             The game lasted 00:04:00 (5485 turns).

H0rd4k the Insei (Octopode Artificer)               Turns: 5485, Time: 00:04:00

Health: -9/46      AC:  1    Str: 11    XL:     7   Next: 14%
Magic:  0/11       EV: 13    Int: 16    God:
Gold:   217        SH:  0    Dex: 12    Spells: 12/12 levels left

rFire   . . .      SeeInvis .     - Unarmed
rCold   . . .      Faith    .   (no shield)
rNeg    . . .      Spirit   +   (helmet restricted)
rPois   .          Reflect  .   t - amulet of guardian spirit
rElec   .          Harm     .   (no ring)
rCorr   .          Rampage  .   (no ring)
Will    .....                   (no ring)
Stlth   +++.......              (no ring)
HPRegen 0.15/turn               (no ring)
MPRegen 0.12/turn               (no ring)
                                (no ring)
                                (no ring)

@: no status effects
A: almost no armour, amphibious, 8 rings, camouflage 1, gelatinous body 1,
(nimble swimmer 1), tentacles
a: no special abilities


You were on level 5 of the Dungeon.
You visited 1 branch of the dungeon, and saw 5 of its levels.

You collected 217 gold pieces.

Inventory:

Missiles
 m - 5 poisoned darts
Magical Staves
 v - a staff of earth
Jewellery
 t - an amulet of guardian spirit (around mantle)
Wands
 b - a wand of flame (7) (quivered)
 c - a wand of charming (14)
 d - a wand of iceblast (4)
Scrolls
 a - a scroll of brand weapon {unknown}
 e - 5 scrolls of noise {unknown}
 g - a scroll of enchant weapon {unknown}
 h - a scroll of acquirement {unknown}
 i - 2 scrolls of vulnerability {unknown}
 j - a scroll of immolation {unknown}
 k - a scroll of fog {unknown}
 l - 5 scrolls of identify {unknown}
 o - a scroll of enchant armour {unknown}
 p - a scroll of teleportation {unknown}
 u - a scroll of blinking {unknown}
 w - a scroll of summoning {unknown}
Potions
 f - 2 potions of mutation {unknown}
 n - a potion of might {unknown}
 q - a potion of magic {unknown}
 r - a potion of heal wounds
 s - a potion of brilliance {unknown}
 x - a potion of curing {unknown}


   Skills:
 * Level 3.4 Fighting
 + Level 0.6 Throwing
 - Level 2.3 Dodging
 - Level 1.3 Stealth
 + Level 4.8 Unarmed Combat
 * Level 3.2 Spellcasting
 - Level 3.2 Evocations


You had 12 spell levels left.
You didn't know any spells.
Your spell library contained the following spells:

 Spells                   Type           Power      Damage    Failure   Level
 Olgreb's Toxic Radiance  Pois           2%         N/A       88%         4
 Ozocubu's Refrigeration  Ice            1%         4d7       100%        7
 Ignition                 Fire           1%         3d3       100%        8


Dungeon Overview and Level Annotations

Branches:
Dungeon (5/15)
 Temple: D:4-7

Altars:
Cheibriados
Kikubaaqudgha
Uskayaw
Yredelemnul
The Shining One

Shops:
D:5 =[[


Innate Abilities, Weirdness & Mutations

You cannot wear most types of armour.
You are amphibious.
You can wear up to eight rings at the same time.
Your skin changes colour to match your surroundings (Stealth+).
Your rubbery body absorbs attacks. (AC +1, EV +1)
((You are camouflaged when in or above water. (Stealth+)))
You have tentacles for arms and can constrict up to eight enemies at once.


Message History

The scorpion attacks as you move away! The scorpion stings you!
The ice beast attacks as you move away! The ice beast hits you.
The ice beast freezes you!
* * * LOW HITPOINT WARNING * * *
The ice beast attacks as you move away! The ice beast hits you.
* * * LOW HITPOINT WARNING * * *
The ice beast freezes you!
* * * LOW HITPOINT WARNING * * *
Aiming: Charm
Press: ? - help, Shift-Dir - straight line, f - scorpion
Aim: a scorpion (chance to affect: 57%)
The scorpion is charmed.
The ice beast hits your scorpion but does no damage.
Unknown command.
What are your orders? t - Shout!
Orders for allies: a - Attack new target. p - Attack previous target. r - Retreat! s - Stop attacking. g - Guard the area. f - Follow me.
Anything else - Cancel.
Guard this area!
Your scorpion stings the ice beast.
The ice beast hits your scorpion. The ice beast freezes your scorpion.
Your scorpion stings the ice beast!
The ice beast hits your scorpion. The ice beast freezes your scorpion!
Your scorpion dies!
An orc comes into view. It is wielding a +0 whip.
An ice beast comes into view.
Aiming: Charm
Press: ? - help, Shift-Dir - straight line, f - ice beast
Aim: an ice beast (moderately wounded, chance to affect: 57%)
The ice beast resists with significant effort.
Unknown command.
Aiming: Charm
Press: ? - help, Shift-Dir - straight line, f/p - ice beast
Aim: an ice beast (moderately wounded, chance to affect: 57%)
The ice beast resists with significant effort.
The ice beast hits you.
* * * LOW HITPOINT WARNING * * *
The ice beast freezes you!
You die...

.~ o~# ~. ~. .... .##
....### #.# .......##
#.## .....!..###@.#
≈........###Y# .
≈≈........##.## ..
≈≈........##..# ...
≈≈......†.###.## ....
≈≈.....†..###..#.....
≈≈..........##........
≈............#$........
...............###.....


You could see an ice beast.

Vanquished Creatures
  An ice beast (D:4)
  A phantom (D:4)
  A necrophage (D:5)
  2 hounds
  An iguana (D:5)
  A scorpion zombie (D:4)
  Robin (D:2)
  6 adders
  An ufetubus (D:4)
  An adder zombie (D:4)
  3 dart slugs
  9 orcs
  3 bats
  An endoplasm (D:4)
  10 hobgoblins
  3 quokkas
  5 ball pythons
  6 frilled lizards
  15 goblins
  7 kobolds
  2 rats (D:1)
80 creatures vanquished.

Vanquished Creatures (collateral kills)
  An orc (D:3)
1 creature vanquished.

Vanquished Creatures (others)
  A scorpion (D:5)
1 creature vanquished.

Grand Total: 82 creatures vanquished

Notes
Turn   | Place    | Note
-------+----------+-------------------------------------------
     0 | D:1      | H0rd4k the Octopode Artificer began the quest for the Orb.
     0 | D:1      | Reached XP level 1. HP: 13/13 MP: 1/1
   262 | D:1      | Found a faded altar of an unknown god.
   320 | D:1      | Reached XP level 2. HP: 9/18 MP: 1/3
   617 | D:1      | Reached skill level 1 in Spellcasting
  1320 | D:2      | Reached XP level 3. HP: 4/24 MP: 4/4
  1668 | D:2      | Noticed Robin
  1682 | D:2      | Killed Robin
  1683 | D:2      | Reached skill level 1 in Unarmed Combat
  2099 | D:3      | Reached XP level 4. HP: 18/30 MP: 6/6
  2708 | D:3      | HP: 1/30 [orc/+0 hand axe (1)]
  3513 | D:2      | Reached skill level 2 in Unarmed Combat
  4361 | D:4      | Reached XP level 5. HP: 35/35 MP: 8/8
  4423 | D:4      | Found an ancient bone altar of Kikubaaqudgha.
  4423 | D:4      | Found a glowing golden altar of the Shining One.
  4463 | D:4      | Noticed an ice beast
  4484 | D:4      | Killed an ice beast
  4485 | D:4      | Reached skill level 3 in Unarmed Combat
  4485 | D:4      | Reached XP level 6. HP: 42/42 MP: 8/10
  4649 | D:4      | Found a snail-covered altar of Cheibriados.
  4884 | D:4      | Found a hide-covered altar of Uskayaw.
  5064 | D:4      | Reached skill level 4 in Unarmed Combat
  5128 | D:4      | Found a basalt altar of Yredelemnul.
  5152 | D:5      | Entered Level 5 of the Dungeon
  5185 | D:5      | Found Guasyze's Armour Shop.
  5186 | D:5      | Found Bant's Armour Boutique.
  5188 | D:5      | Found Udailuekk's Jewellery Shop.
  5208 | D:5      | Reached XP level 7. HP: 46/46 MP: 9/11
  5472 | D:5      | HP: 2/46 [ice beast (8)]
  5485 | D:5      | HP: 2/46 [ice beast (2)]
  5485 | D:5      | Mangled by an ice beast

Illustrated notes

Levels and vault maps discovered:
D:1:      psy_arrival_basics, layout_loops_corners,
          ebering_ecumenical_altar_webs, hangedman_abyss_or_decor_lesser_grid
D:2:      layout_loops_ring, uniq_robin
D:3:      layout_basic, nicolae_figureground_sparkle
D:4:      layout_cave_pools, kennysheep_slug_shrine,
          mainiacjoe_overflow_alcove_4, lemuel_zombie_altar_yredelemnul,
          nicolae_overflow_two_pavilions
D:5:      layout_cave_pods, xom_confusion_cloud, temple_pool_b,
          reono_crystal_passage, nicolae_wooded_promenade,
          nicolae_shop_firing_range

Skill      XL: |  1  2  3  4  5  6 |
---------------+-------------------+-----
Spellcasting   | 1 2 3 |  3.2
Fighting       | 2 3 |  3.4
Unarmed Combat | 1 2 3 4 |  4.8
Throwing       | |  0.6
Dodging        | |  2.3
Stealth        | |  1.3
Evocations     | |  3.2

Action                   |  1- 3 |  4- 6 |  7- 9 || total
-------------------------+-------+-------+-------++-------
Melee: Unarmed           |    73 |   107 |    23 ||   203
       Tentacles         |    21 |    24 |     6 ||    51
       Constrict         |    22 |    22 |     6 ||    50
       Punch             |     1 |     1 |     1 ||     3
Throw: Dart              |       |     7 |       ||     7
Evoke: Wand              |     1 |     9 |     3 ||    13
 Stab: Sleeping          |     8 |     4 |       ||    12
Armor: Skin              |    10 |     4 |     2 ||    16
Dodge: Dodged            |    57 |    55 |    14 ||   126
